 Dungeon Crawl Stone Soup version 0.31-a0-1008-g5b978dac0e (webtiles) character file.

Game seed: 13149057707143337533

243 Armakuni the Charlatan (level 6, -1/34 HPs)
             Began as a Kobold Artificer on Nov 12, 2023.
             Was a Follower of Vehumet.
             Succumbed to a water moccasin's poison
             ... on level 4 of the Dungeon.
             The game lasted 00:09:13 (3253 turns).

Armakuni the Charlatan (Kobold Artificer)           Turns: 3253, Time: 00:09:14

Health: -1/34      AC:  7    Str:  9    XL:     6   Next: 31%
Magic:  7/7        EV: 14    Int: 14    God:    Vehumet [*.....]
Gold:   129        SH:  0    Dex: 16    Spells: 6/7 levels left

rFire   . . .        a - +6 dagger of Extinguishment {pain, *Slow rElec rN+++ Stlth-}
rCold   . . .        (no shield)
rNeg    + + +        b - +0 leather armour
rPois   .            (no helmet)
rElec   +            d - +1 cloak
rCorr   .            r - +0 pair of gloves
SInv    .            n - +0 pair of boots
Will    .....        (no amulet)
Stlth   ++           L - ring of flight
HPRegen 0.25/turn    (no ring)
MPRegen 0.10/turn

%: slow self (1%)
@: lethally poisoned (-1 -> -10), flying
A: small, no large weapons, nightstalker 3
a: Renounce Religion


You were on level 4 of the Dungeon.
You worshipped Vehumet.
Vehumet was aware of your devotion.
You visited 1 branch of the dungeon, and saw 4 of its levels.

You collected 129 gold pieces.

Inventory:

Hand Weapons
 a - the +6 dagger of Extinguishment (weapon) {pain, *Slow rElec rN+++ Stlth-}
   (You found it on level 3 of the Dungeon)

   rElec:     It insulates you from electricity.
   rN+++:     It renders you almost immune to negative energy.
   *Slow:     It may slow you when you take damage.
   Stlth-:    It makes you less stealthy.
 g - a +0 rapier
Missiles
 o - 2 throwing nets
Armour
 b - a +0 leather armour (worn)
 d - a +1 cloak (worn)
 n - a +0 pair of boots (worn)
 r - a +0 pair of gloves (worn)
Jewellery
 L - a ring of flight (left hand)
Wands
 c - a wand of charming (11)
 j - a wand of iceblast (3)
 q - a wand of acid (8)
Scrolls
 p - 2 scrolls of enchant armour
Potions
 e - a potion of might {unknown}
 f - a potion of heal wounds {unknown}
 h - a potion of cancellation {unknown}
 i - 2 potions of attraction {unknown}
 k - 2 potions of brilliance {unknown}
 l - a potion of haste {unknown}
 m - a potion of mutation {unknown}


   Skills:
 - Level 1.4 Fighting
 + Level 1.2 Short Blades
 - Level 0.7 Armour
 - Level 2.4 Dodging
 - Level 1.3 Stealth
 - Level 1.0 Spellcasting
 + Level 2.4 Conjurations
 + Level 2.4 Air Magic
 - Level 6.0 Evocations


You had 6 spell levels left.
You knew the following spells:

 Your Spells              Type           Power      Damage    Failure   Level
z - Shock                 Conj/Air       28%        1d4       14%         1

Your spell library contained the following spells:

 Spells                   Type           Power      Damage    Failure   Level
 Necrotise                Necr           0%         1d4       34%         1
 Wereblood                Tmut           0%         N/A       47%         2
 Inner Flame              Hex/Fire       0%         N/A       71%         3
 Tukima's Dance           Hex            0%         N/A       71%         3
 Vampiric Draining        Necr           0%         2d6       71%         3
 Passage of Golubria      Tloc           0%         N/A       98%         4
 Irradiate                Conj/Tmut      2%         3d12      99%         5
 Agony                    Necr           0%         N/A       100%        5
 Yara's Violent Unravell  Hex/Tmut       0%         3d3       100%        5
 Enfeeble                 Hex            0%         N/A       100%        7


Dungeon Overview and Level Annotations

Branches:
Dungeon (4/15)
 Temple: D:4-7

Altars:
Vehumet


Innate Abilities, Weirdness & Mutations

You are small and have problems with some larger weapons.
You are completely attuned to the shadows.


Message History

The water moccasin poisons you!
You hit the water moccasin.
The water moccasin is severely wounded.
You feel very sick.
The water moccasin completely misses you.
You miss the water moccasin.
The water moccasin is severely wounded.
You feel very sick.
The water moccasin bites you but does no damage. x2
You closely miss the water moccasin.
The water moccasin is severely wounded.
You feel sick. The water moccasin barely misses you.
You closely miss the water moccasin.
The water moccasin is severely wounded.
You feel sick. The water moccasin bites you!
You hit the water moccasin.
The water moccasin is severely wounded.
You feel sick.
The water moccasin bites you but does no damage.
The water moccasin closely misses you.
You barely miss the water moccasin.
The water moccasin is severely wounded.
You feel sick.
The water moccasin bites you but does no damage.
You hit the water moccasin.
The water moccasin is almost dead.
You feel sick. The water moccasin bites you.
* * * LOW HITPOINT WARNING * * *
You are lethally poisoned!
The water moccasin poisons you!
You miss the water moccasin.
The water moccasin is almost dead.
* * * LOW HITPOINT WARNING * * *
You feel very sick. The water moccasin bites you.
* * * LOW HITPOINT WARNING * * *
The water moccasin barely misses you.
You barely miss the water moccasin.
The water moccasin is almost dead.
You die...

#.. ### #.# ##.##
#.# ######...###.# #
#.. ..#.......#.#
#.#.# #.#.........#
#.#.####.#.......###
#..S...........#.# #
#@####.#.##.##.# #
#......#.#####.# #
########.......# #
##.###### # #.# #.#
###### #.###...#.
#........#
##......##


You could see a water moccasin.

Vanquished Creatures
  Crazy Yiuf (D:4)
  Natasha (D:3)
  A hound zombie (D:3)
  A howler monkey zombie (D:3)
  A howler monkey skeleton (D:3)
  4 gnolls (D:4)
  4 adders
  A worm (D:2)
  2 dart slugs
  6 endoplasms
  4 giant cockroaches
  4 goblins
  8 hobgoblins
  3 jackals (D:1)
  2 kobolds (D:3)
  5 quokkas
  A ball python (D:1)
  A ball python skeleton (D:3)
  6 bats
  3 frilled lizards (D:3)
  A jackal zombie (D:3)
  A quokka skeleton (D:3)
  3 rats
  A spectral goblin (D:3)
65 creatures vanquished.

Vanquished Creatures (collateral kills)
  A frilled lizard (D:2)
1 creature vanquished.

Vanquished Creatures (others)
  2 gnolls (D:4)
  A worm (D:2)
3 creatures vanquished.

Grand Total: 69 creatures vanquished

Notes
Turn   | Place    | Note
-------+----------+-------------------------------------------
     0 | D:1      | Armakuni the Kobold Artificer began the quest for the Orb.
     0 | D:1      | Reached XP level 1. HP: 12/12 MP: 1/1
   157 | D:1      | Reached skill level 4 in Evocations
   244 | D:1      | Reached XP level 2. HP: 5/16 MP: 2/2
   554 | D:1      | Reached XP level 3. HP: 20/20 MP: 3/3
   703 | D:2      | Reached skill level 5 in Evocations
  1083 | D:2      | Reached XP level 4. HP: 24/25 MP: 4/4
  1739 | D:3      | Reached skill level 6 in Evocations
  2130 | D:3      | Found a faded altar of an unknown god.
  2161 | D:3      | Prayed at the altar of an unknown god.
  2161 | D:3      | Became a worshipper of Vehumet
  2161 | D:3      | Reached * piety under Vehumet
  2161 | D:3      | Offered knowledge of Shock by Vehumet.
  2165 | D:3      | Learned a level 1 spell: Shock
  2376 | D:3      | Noticed Natasha
  2378 | D:3      | Killed Natasha
  2379 | D:3      | Reached XP level 5. HP: 29/29 MP: 5/5
  2403 | D:3      | Reached skill level 1 in Spellcasting
  2411 | D:3      | Reached skill level 1 in Conjurations
  2411 | D:3      | Reached skill level 1 in Air Magic
  2455 | D:3      | Identified the +6 dagger of Extinguishment {pain, *Slow
                  | rElec rN+++ Stlth-}
  2746 | D:4      | Reached XP level 6. HP: 33/34 MP: 7/7
  3195 | D:4      | Found a runed translucent door.
  3198 | D:4      | Noticed Crazy Yiuf
  3203 | D:4      | Killed Crazy Yiuf
  3204 | D:4      | Reached skill level 1 in Short Blades
  3241 | D:4      | Noticed a water moccasin
  3252 | D:4      | HP: 1/34 [water moccasin (6)]
  3253 | D:4      | Succumbed to a water moccasin's poison

Illustrated notes

Levels and vault maps discovered:
D:1:      dpeg_arrival_concentric_ovals, layout_rooms
D:2:      layout_loops_ring
D:3:      layout_basic, dreamdust_ecumenical_altar_drowned_temple,
          dilly_guarded_unrand_morg
D:4:      layout_loops_cross, minmay_temple_entry_butterflies,
          dreamdust_mushroom_princess, uniq_crazy_yiuf_cottage

Skill      XL: |  1  2  3  4  5  6 |
---------------+-------------------+-----
Evocations     | 4 5 6 |  6.0
Spellcasting   | 1 |  1.0
Conjurations   | 2 |  2.4
Air Magic      | 2 |  2.4
Short Blades   | 1 |  1.2
Fighting       | |  1.4
Armour         | |  0.7
Dodging        | |  2.4
Stealth        | |  1.3

Action                     |  1- 3 |  4- 6 || total
---------------------------+-------+-------++-------
  Melee: Club              |   100 |       ||   100
         Punch             |     2 |       ||     2
         Mace              |    21 |   101 ||   122
         Dagger            |       |    51 ||    51
   Cast: Shock             |       |     3 ||     3
  Evoke: Wand              |    13 |     8 ||    21
    Use: Scroll            |     1 |     6 ||     7
   Stab: Sleeping          |    10 |    12 ||    22
 Armour: Leather armour    |    77 |    87 ||   164
  Dodge: Dodged            |   118 |   140 ||   258

Table legend: (Time is in decaauts)
 A = Elapsed time spent in this place.
 B = Non-inter-level travel time spent in this place.
 C = Inter-level travel time spent in this place.
 D = Time resting spent in this place.
 E = Time spent auto-exploring this place.
 F = Levels seen in this place.
 G = Mean time per level.
                   A        B        C        D        E       F      G
               +--------+--------+--------+--------+--------+-----+--------+
         Total |   3329 |   3242 |     87 |    234 |   1978 |   4 |  832.2 |
       Dungeon |   3329 |   3242 |     87 |    234 |   1978 |   4 |  832.2 |
               +--------+--------+--------+--------+--------+-----+--------+

Top non-repeatable levels by time:
     D:3: 1001 daAuts
     D:2: 870 daAuts
     D:1: 730 daAuts
     D:4: 726 daAuts
